 Dungeon Crawl Stone Soup version 0.20.0-15-g7f486f2 (webtiles) character file.

2371 esteth the Geomancer (level 9, -5/45 HPs)
             Began as a Gargoyle Earth Elementalist on June 16, 2017.
             Was an Initiate of Vehumet.
             Killed from afar by an orc wizard (8 damage)
             ... with a magic dart
             ... on level 7 of the Dungeon.
             The game lasted 00:26:12 (9312 turns).

esteth the Geomancer (Gargoyle Earth Elementalist)  Turns: 9312, Time: 00:26:13

Health: -5/45      AC:  9    Str: 13    XL:     9   Next: 45%
Magic:  12/20      EV: 12    Int: 18    God:    Vehumet [......]
Gold:   267        SH:  3    Dex: 10    Spells: 15/23 levels left

rFire    . . .     SeeInvis .   o - +3 mace (protect)
rCold    . . .     Gourm    .   (no shield)
rNeg     + . .     Faith    .   c - +1 robe
rPois    ∞         Spirit   .   p - +0 helmet
rElec    +         Reflect  +   (no cloak)
rCorr    .         Harm     .   (no gloves)
MR       +....                  (no boots)
Stlth    ++........             t - +3 amulet of reflection
Regen    0.2/turn               f - ring of flight
MPRegen  0.2/turn               I - ring of protection from magic

@: very slightly contaminated
A: negative energy resistance 1, electricity resistance, unbreathing,
petrification resistance, rot immunity, AC +5
a: Renounce Religion, Evoke Flight


You were on level 7 of the Dungeon.
You worshipped Vehumet.
Vehumet was noncommittal.
You were hungry.

You visited 2 branches of the dungeon, and saw 8 of its levels.
You also visited: Ossuary.

You collected 363 gold pieces.
You spent 96 gold pieces at shops.

Inventory:

Hand Weapons
 o - a +3 mace of protection (weapon)
Missiles
 b - 297 stones (quivered)
 i - 155 arrows
Armour
 c - a +1 robe (worn)
 p - a +0 helmet (worn)
Jewellery
 f - a ring of flight (left hand)
 t - a +3 amulet of reflection (around neck)
 u - an uncursed ring of protection from fire
 I - a ring of protection from magic (right hand)
Wands
 l - a wand of iceblast (4/15)
 v - a wand of lightning (2/15)
 A - a wand of iceblast (4/15)
 G - a wand of random effects (24/48)
 H - a wand of flame (15/48)
 J - a wand of lightning (8/15)
Scrolls
 j - 2 scrolls of amnesia
 k - a scroll of enchant weapon
 n - 4 scrolls of teleportation
 r - 2 scrolls of immolation {unknown}
 y - a scroll of identify
 C - a scroll of fear
Potions
 g - 3 potions of lignification
 h - 3 potions of mutation
 q - 3 potions of degeneration {unknown}
 x - 5 potions of flight {unknown}
 z - 2 potions of berserk rage {unknown}
 B - a potion of heal wounds
 D - 2 potions of curing
 E - a potion of might {unknown}
 F - a potion of cancellation {unknown}
Books
 a - a book of Changes

   Spells                             Type                      Level
   a - Beastly Appendage              Transmutation                1
   b - Sticks to Snakes               Transmutation                2
   c - Spider Form                    Transmutation/Poison         3
   d - Ice Form                       Ice/Transmutation            4
   e - Blade Hands                    Transmutation                5
 e - a book of Geomancy

   Spells                             Type                      Level
   a - Sandblast                      Earth                        1
   b - Passwall                       Transmutation/Earth          2
   c - Stone Arrow                    Conjuration/Earth            3
   d - Petrify                        Transmutation/Earth          4
   e - Lee's Rapid Deconstruction     Earth                        5
 L - a book of Misfortune

   Spells                             Type                      Level
   a - Confusing Touch                Hexes                        1
   b - Confuse                        Hexes                        3
   c - Gell's Gravitas                Translocation                3
   d - Petrify                        Transmutation/Earth          4
   e - Metabolic Englaciation         Hexes/Ice                    5
   f - Yara's Violent Unravelling     Hexes/Transmutation          5
Comestibles
 d - 4 bread rations
 m - a meat ration
 s - 2 royal jellies
 w - 7 fruits
 K - 8 chunks of flesh


   Skills:
 - Level 1.5 Dodging
 - Level 2.1 Stealth
 + Level 7.9 Spellcasting
 - Level 0.7 Transmutations
 + Level 11.3 Earth Magic


You had 15 spell levels left.
You knew the following spells:

 Your Spells              Type           Power        Failure   Level  Hunger
a - Sandblast             Erth           #####.       1%          1    None
b - Lee's Rapid Deconstr  Erth           #####.....   2%          5    #####..
c - Sticks to Snakes      Tmut           #.......     11%         2    None


Dungeon Overview and Level Annotations

Branches:
Dungeon (7/15)             Temple (1/1) D:7

Altars:
Ashenzari
Cheibriados
Dithmenos
Fedhas
Gozag
Hepliaklqana
Makhleb
Nemelex Xobeh
Okawaru
Qazlal
Ru
Sif Muna
Trog
Uskayaw
Vehumet
Xom
Yredelemnul
The Shining One

Shops:
D:5 !


Innate Abilities, Weirdness & Mutations

You are resistant to torment.
Your stone body is resilient. (AC +5)
You are immune to poison.
You resist negative energy. (rN+)
You are resistant to electric shocks. (rElec)
You can survive without breathing.
You are immune to petrification.
You are immune to rotting.


Message History

Casting: Lee's Rapid Deconstruction
Confirm with . or Enter, or press ? or * to list all spells.
You miscast Sticks to Snakes.
You are very lightly contaminated with residual magic.
You feel a strange surge of energy!
Casting: Sticks to Snakes
Confirm with . or Enter, or press ? or * to list all spells.
You create a snake!
You now have 155 arrows.
The orc warrior hits you with a battleaxe!!
Ouch! That really hurt!
* * * LOW HITPOINT WARNING * * *
The orc wizard hits you with a dagger.
* * * LOW HITPOINT WARNING * * *
Your ball python bites the orc warrior but does no damage.
Your ball python barely misses the orc warrior.
Your ball python bites the orc warrior but does no damage.
Your ball python closely misses the orc warrior.
The orc wizard points at you and mumbles some strange words.
The magic dart hits you!
You die...

#..##.# #.# #..##.# #.#
#..##.# #.# ######..##.#
##.#
........##.######..#
..................##
######.##.###.####
#.##.# #.# # #.##.# #@#
..# #.##.###.## ###...#
#.##.##Soo###........
####.##....#...[))......
#....#####...####...>...
#.#### ##.## ###<..# #.#
#.# ..# #.# #.# # #.#
#.#


You could see an orc warrior, an orc wizard and a friendly ball python.

Vanquished Creatures
  Edmund (D:5)
  A water moccasin (D:6)
  A hornet zombie (D:7)
  A phantom (D:4)
  3 ogres
  5 centaurs
  3 bullfrogs
  A scorpion (D:5)
  2 water moccasin zombies (Ossuary)
  2 crimson imps
  2 hounds
  A bullfrog zombie (D:6)
  2 orc wizards (D:4)
  A bullfrog skeleton (D:7)
  An orc priest (D:4)
  An iguana (D:4)
  4 worker ants
  2 big kobold zombies (Ossuary)
  2 mummies (Ossuary)
  Robin (D:2)
  6 gnolls
  A howler monkey skeleton (D:7)
  7 adders
  2 shadow imps (D:5)
  An ooze (D:1)
  3 adder skeletons
  6 adder zombies
  5 worms
  5 dart slugs
  8 leopard geckos
  9 orcs
  A ball python (D:1)
  A bat (D:2)
  9 giant cockroaches
  8 hobgoblins
  2 jackals (D:5)
  10 kobolds
  4 quokkas
  4 frilled lizards
  A gnoll zombie (Ossuary)
  17 goblins
  A goblin zombie (D:6)
  5 hobgoblin zombies (Ossuary)
  A kobold zombie (Ossuary)
  A leopard gecko zombie (D:7)
  7 orc zombies (Ossuary)
  9 rats
171 creatures vanquished.

Vanquished Creatures (collateral kills)
  Duvessa (D:6)
  Dowan (D:6)
  A water moccasin zombie (Ossuary)
  A hound (D:6)
  A gnoll zombie (Ossuary)
5 creatures vanquished.

Grand Total: 176 creatures vanquished

Notes
Turn   | Place    | Note
-------+----------+-------------------------------------------
     0 | D:1      | esteth the Gargoyle Earth Elementalist began the quest for the Orb.
     0 | D:1      | Reached XP level 1. HP: 10/10 MP: 3/3
    92 | D:1      | Reached skill level 4 in Earth Magic
   276 | D:1      | Reached XP level 2. HP: 9/15 MP: 5/5
  1167 | D:1      | Reached XP level 3. HP: 18/19 MP: 6/6
  1427 | D:1      | Reached skill level 5 in Earth Magic
  2118 | D:2      | Reached XP level 4. HP: 11/24 MP: 4/7
  2674 | D:2      | Noticed Robin
  3190 | D:2      | Killed Robin
  3387 | D:2      | Reached skill level 6 in Earth Magic
  3387 | D:2      | Reached XP level 5. HP: 22/28 MP: 7/9
  3950 | D:3      | Learned a level 5 spell: Lee's Rapid Deconstruction
  4334 | D:4      | HP: 1/42 [worker ant (5)]
  4337 | D:4      | Reached XP level 6. HP: 32/32 MP: 8/11
  4340 | D:4      | Reached skill level 7 in Earth Magic
  4684 | D:4      | Learned a level 2 spell: Sticks to Snakes
  4937 | D:4      | Reached XP level 7. HP: 36/36 MP: 9/13
  5072 | D:4      | Reached skill level 8 in Earth Magic
  5367 | D:4      | Reached skill level 5 in Spellcasting
  5401 | D:5      | Entered Level 5 of the Dungeon
  5401 | D:5      | Found Icziq's Distillery.
  5421 | D:5      | Bought a potion of mutation for 96 gold pieces
  6337 | D:5      | Noticed Edmund
  6411 | D:5      | Killed Edmund
  6411 | D:5      | Reached skill level 9 in Earth Magic
  6411 | D:5      | Reached XP level 8. HP: 41/41 MP: 3/16
  7153 | D:6      | Noticed Duvessa
  7153 | D:6      | Noticed Dowan
  7176 | D:6      | Killed Duvessa
  7183 | D:6      | Killed Dowan
  7204 | D:6      | Reached skill level 10 in Earth Magic
  7351 | D:6      | Found a hide-covered altar of Uskayaw.
  7413 | D:6      | Found a sand-covered staircase.
  7429 | Ossuary  | Entered an ossuary
  7789 | Ossuary  | Reached XP level 9. HP: 39/45 MP: 19/19
  8302 | D:7      | Reached skill level 11 in Earth Magic
  8471 | D:7      | Found a staircase to the Ecumenical Temple.
  8476 | Temple   | Entered the Ecumenical Temple
  8644 | Temple   | Became a worshipper of Vehumet
  9312 | D:7      | Killed from afar by an orc wizard

Skill      XL: |  1  2  3  4  5  6  7  8  9 |
---------------+----------------------------+-----
Earth Magic    | 4 5 6 7 9 10 11 | 11.3
Spellcasting   | 3 4 5 7 |  7.9
Dodging        | |  1.5
Stealth        | |  2.1
Transmutations | |  0.7

Action                   |  1- 3 |  4- 6 |  7- 9 || total
-------------------------+-------+-------+-------++-------
Melee: Unarmed           |   232 |    66 |       ||   298
       Mace              |       |   185 |   483 ||   668
 Cast: Sandblast         |    13 |    41 |    26 ||    80
       Sticks to Snakes  |       |     2 |    12 ||    14
       Lee's Rapid Decon |       |       |     4 ||     4
  Use: Scroll            |       |    10 |     3 ||    13
       Potion            |       |     2 |     1 ||     3
 Stab: Sleeping          |     5 |     4 |     5 ||    14
       Distracted        |       |       |     1 ||     1
  Eat: Chunk             |     4 |    10 |    15 ||    29
       Fruit             |       |       |     1 ||     1
Armor: Robe              |    59 |   121 |   235 ||   415
       Skin              |       |     8 |       ||     8
Dodge: Dodged            |   144 |   192 |   337 ||   673
Block: Other             |       |       |    70 ||    70
